 Dungeon Crawl Stone Soup version 0.30-a0-840-ga523dec638 (webtiles) character file.

Game seed: 1906801444633021201

7 jimonade the Vexing (level 1, 0/7 HPs)
             Began as a Felid Enchanter on Mar 1, 2023.
             Slain by a quokka (5 damage)
             ... on level 1 of the Dungeon.
             The game lasted 00:00:38 (218 turns).

jimonade the Vexing (Felid Enchanter)                Turns: 218, Time: 00:00:39

Health: 0/7        AC:  1    Str:  4    XL:     1   Next: 91%
Magic:  4/4        EV: 17    Int: 16    God:
Gold:   48         SH:  0    Dex: 16    Spells: 4/4 levels left
                                        Lives:  0   Deaths: 0

rFire   . . .      SeeInvis +      - Unarmed
rCold   . . .      Faith    .    (shield unavailable)
rNeg    . . .      Spirit   .    (body armour unavailable)
rPois   .          Reflect  .    (helmet unavailable)
rElec   .          Harm     .    (cloak unavailable)
rCorr   .          Rampage  .    (gloves unavailable)
Will    .....                    (boots unavailable)
Stlth   +++                      (no amulet)
HPRegen 0.21/turn                (no ring)
MPRegen 0.09/turn                (no ring)

@: quick
A: very small, claws 1, fangs 3, see invisible, speed 1, shaggy fur 1, stealthy
paws, no weapons or thrown items, no armour, multi-lived
a: no special abilities


You were on level 1 of the Dungeon.
You visited 1 branch of the dungeon, and saw 1 of its levels.

You collected 48 gold pieces.

Inventory:

Scrolls
 e - a scroll of teleportation {unknown}
Potions
 a - 2 potions of invisibility
 b - a potion of heal wounds {unknown}
 c - a potion of curing {unknown}
 d - a potion of haste {unknown}


   Skills:
 + Level 2.7 Dodging
 + Level 4.4 Stealth
 + Level 1.0 Unarmed Combat
 + Level 2.0 Spellcasting
 + Level 4.6 Hexes


You had 4 spell levels left.
You didn't know any spells.
Your spell library contained the following spells:

 Spells                   Type           Power      Damage    Failure   Level
 Confusing Touch          Hex            16%        N/A       10%         3
 Tukima's Dance           Hex            16%        N/A       10%         3
 Ensorcelled Hibernation  Hex/Ice        18%        N/A       12%         2
 Dazzling Flash           Conj/Hex       18%        N/A       24%         3


Dungeon Overview and Level Annotations

Branches:
Dungeon (1/15)

Altars:


Innate Abilities, Weirdness & Mutations

You have sharp claws.
You have razor-sharp teeth.
You have supernaturally acute eyesight. (SInv)
You cover ground quickly. (Speed+)
You are covered in fur. (AC +1)
Your paws help you pounce on unaware monsters.
You are incapable of wielding weapons or throwing items.
You cannot wear armour.
You gain extra lives every three experience levels.


Message History

You scratch the hobgoblin.
The hobgoblin is heavily wounded.
The hobgoblin closely misses you.
You completely miss the hobgoblin.
The hobgoblin is heavily wounded.
The hobgoblin barely misses you.
You scratch the hobgoblin.
You kill the hobgoblin!
No target in view!
No target in view!
No target in view!
You see here a hobgoblin corpse.
A hobgoblin comes into view.
The hobgoblin shouts!
You scratch the hobgoblin.
The hobgoblin is heavily wounded.
The hobgoblin misses you.
You closely miss the hobgoblin.
The hobgoblin is heavily wounded.
The hobgoblin completely misses you.
You scratch the hobgoblin.
The hobgoblin is almost dead.
The hobgoblin hits you.
You scratch the hobgoblin.
You kill the hobgoblin!
No target in view!
A ball python comes into view.
A ball python is nearby!
A quokka comes into view.
The ball python hisses angrily.
The ball python barely misses you. The ball python grabs you.
The ball python constricts you.
You scratch the ball python. Your bite misses the ball python.
The ball python is moderately wounded.
The ball python closely misses you. The ball python constricts you.
You scratch the ball python.
You kill the ball python!
The quokka bites you.
Ouch! That really hurt!
You die...

##.## ##.#####.#
###..###........#####...
#.....#...######........
#......#### #.##.....
#.....#.#
#.##..#.....###.
#......##
######.##.#.... ..##.
#.....†#
#......##.##.#.##.##.
######.#
#......##.##.#.#.....
#.#
#..r@..##.##.#.......
#.#
#.....###.##.##.#.#..
##.## #.....#
#.##.##....#. #...#
####### #.##.......#.
#..^#
########...###.#..#.
#...# #.......##.#
#..###. #.###
#.#####.##.# ##..... #.#
#.......##.# ###... #.#
#)##....†..######...


You could see a quokka.

Vanquished Creatures
  A giant cockroach (D:1)
  2 hobgoblins (D:1)
  A quokka (D:1)
  2 ball pythons (D:1)
  A bat (D:1)
  A rat (D:1)
8 creatures vanquished.

Notes
Turn   | Place    | Note
-------+----------+-------------------------------------------
     0 | D:1      | jimonade the Felid Enchanter began the quest for the Orb.
     0 | D:1      | Reached XP level 1. HP: 7/7 MP: 4/4
   218 | D:1      | Slain by a quokka

Illustrated notes

Levels and vault maps discovered:
D:1:      erik_arrival_blinker_ship, layout_loops_cross,
          corexii_leaking_fountain

Action                     || total
---------------------------++-------
  Melee: Unarmed           ||    29
         Punch             ||     1
         Bite              ||     1
   Stab: Sleeping          ||     2
  Dodge: Dodged            ||    26

Table legend: (Time is in decaauts)
 A = Elapsed time spent in this place.
 B = Non-inter-level travel time spent in this place.
 C = Inter-level travel time spent in this place.
 D = Time resting spent in this place.
 E = Time spent auto-exploring this place.
 F = Levels seen in this place.
 G = Mean time per level.
                   A        B        C        D        E       F      G
               +--------+--------+--------+--------+--------+-----+--------+
         Total |    182 |    182 |      0 |      0 |    113 |   1 |  182.0 |
       Dungeon |    182 |    182 |      0 |      0 |    113 |   1 |  182.0 |
               +--------+--------+--------+--------+--------+-----+--------+

Top non-repeatable levels by time:
     D:1: 182 daAuts
